 Dungeon Crawl Stone Soup version 0.20.1-1-g8b1a95d (webtiles) character file.

109 Linguinho the Insei (level 4, -3/35 HPs)
             Began as a Demonspawn Monk on Nov 6, 2017.
             Slain by an ogre
             ... wielding a +0 giant spiked club
              (16 damage)
             ... on level 3 of the Dungeon.
             The game lasted 00:06:29 (3060 turns).

Linguinho the Insei (Demonspawn Monk)               Turns: 3060, Time: 00:06:30

Health: -3/35      AC:  6    Str: 13    XL:     4   Next: 60%
Magic:  0/4        EV:  9    Int:  7    God:
Gold:   153        SH:  3    Dex: 15    Spells: 3/3 levels left

rFire    . . .     SeeInvis .     - Unarmed
rCold    . . .     Gourm    .   q - +0 buckler
rNeg     . . .     Faith    .   j - +0 scale mail
rPois    .         Spirit   +   (no helmet)
rElec    .         Reflect  .   o - scarf {Spirit}
rCorr    .         Harm     .   (no gloves)
MR       .....                  (no boots)
Stlth    +.........             (no amulet)
Regen    0.2/turn               r - -4 ring of intelligence (curse)
MPRegen  0.1/turn               (no ring)

@: very slightly contaminated
A: claws 1, magic shield
a: no special abilities


You were on level 3 of the Dungeon.
You were not hungry.

You visited 1 branch of the dungeon, and saw 3 of its levels.

You collected 153 gold pieces.

Inventory:

Armour
 a - a +0 robe
 j - a +0 scale mail (worn)
 o - a scarf of spirit shield (worn)
 q - a +0 buckler (worn)
Jewellery
 r - a cursed -4 ring of intelligence (left claw)
Scrolls
 d - 2 scrolls of enchant weapon
 i - 2 scrolls of enchant armour
Potions
 e - a potion of flight {unknown}
 f - a potion of agility {unknown}
 k - a potion of berserk rage {unknown}
 l - a potion of curing {unknown}
Comestibles
 m - a meat ration
 s - 2 fruits


   Skills:
 + Level 3.4 Fighting
 + Level 1.1 Armour
 + Level 3.1 Dodging
 + Level 2.3 Stealth
 + Level 3.8 Unarmed Combat


You had 3 spell levels left.
You didn't know any spells.

Dungeon Overview and Level Annotations

Branches:
Dungeon (3/15)

Altars:


Innate Abilities, Weirdness & Mutations

You have sharp fingernails.
When hurt, damage is shared between your health and your magic reserves.


Message History

As you read the scroll labeled PEF SIUNLAISM, it crumbles to dust.
It was a scroll of blinking.
As you read the scroll labeled YSERAWOOPP, it crumbles to dust.
The scroll dissolves into smoke.
It was a scroll of fog.
As you read the scroll labeled YNYASA QERPHURY, it crumbles to dust.
It is a scroll of amnesia.
You feel forgetful for a moment.
As you read the scroll labeled RUISEA DEIJO, it crumbles to dust.
Your ears itch!
It was a scroll of random uselessness.
Okay, then.
There is a stone staircase leading up here.
Things that are here:
2 potions of degeneration; a goblin corpse
There is a stone staircase leading down here.
You climb downwards.
The ogre hits you with a giant spiked club!!
Ouch! That really hurt!
There is a stone staircase leading up, spattered with blood here.
The ogre hits you with a giant spiked club!!
You die...

.....................#
.############....###.###
.......#................
..####.#.####.##.###.###
........................
#.####.##.##.###.###.... #.#
#.#.........####### #.#
#.#..#......O....# #.#
#.#..######@####... #.#
#.#.........##### #.#
#.##.#........#.. #.#
#....'........#.#
..#######.#........#.#######
###....##.#........#........
.......'..#........#.#
###....####........#.#
#....# #........#.#


You could see an ogre.

Vanquished Creatures
  4 adders
  An ooze (D:1)
  4 worms (D:2)
  2 dart slugs (D:1)
  2 leopard geckos
  5 bats
  5 giant cockroaches
  9 goblins
  5 hobgoblins
  A ball python (D:3)
  2 frilled lizards (D:2)
  7 kobolds
  7 rats
54 creatures vanquished.

Notes
Turn   | Place    | Note
-------+----------+-------------------------------------------
     0 | D:1      | Linguinho the Demonspawn Monk began the quest for the Orb.
     0 | D:1      | Reached XP level 1. HP: 18/18 MP: 1/1
   148 | D:1      | Gained mutation: You have sharp fingernails. [demonic ancestry]
   148 | D:1      | Reached XP level 2. HP: 21/24 MP: 2/2
   755 | D:1      | Reached XP level 3. HP: 25/29 MP: 3/3
  1690 | D:2      | Gained mutation: When hurt, damage is shared between your health and your magic reserves. [demonic ancestry]
  1690 | D:2      | Reached XP level 4. HP: 28/35 MP: 4/4
  2324 | D:3      | Noticed an ogre
  2452 | D:3      | Reached skill level 1 in Armour
  3060 | D:3      | Slain by an ogre

Skill      XL: |  1  2  3  4 |
---------------+-------------+-----
Unarmed Combat | 3 |  3.8
Dodging        | 3 |  3.1
Stealth        | 2 |  2.3
Armour         | 1 |  1.1
Fighting       | |  3.4

Action                   |  1- 3 |  4- 6 || total
-------------------------+-------+-------++-------
Melee: Unarmed           |   123 |    87 ||   210
       Punch             |     4 |       ||     4
  Use: Scroll            |       |     8 ||     8
 Stab: Sleeping          |     4 |       ||     4
  Eat: Chunk             |     2 |     2 ||     4
       Bread ration      |       |     1 ||     1
Armor: Robe              |    11 |       ||    11
       Scale mail        |     9 |    39 ||    48
Dodge: Dodged            |    65 |    35 ||   100
Block: Buckler           |       |     3 ||     3
